 Dungeon Crawl Stone Soup version 0.24.0-123-gd5b16e6ec5 (webtiles) character file.

Game seed: 4798567240077024599, levelgen mode: deterministic

154 Curus the Spear-Bearer (level 5, -1/38 HPs)
             Began as a Merfolk Gladiator on Dec 17, 2019.
             Was an Initiate of Okawaru.
             Succumbed to a scorpion's poison
             ... on level 3 of the Dungeon.
             The game lasted 00:08:25 (2431 turns).

Curus the Spear-Bearer (Merfolk Gladiator)          Turns: 2431, Time: 00:08:26

Health: -1/38      AC:  7    Str: 15    XL:     5   Next: 36%
Magic:  5/5        EV: 14    Int: 10    God:    Okawaru [......]
Gold:   145        SH:  0    Dex: 16    Spells: 4/4 levels left

rFire    . . .     SeeInvis .   a - +1 trident
rCold    . . .     Gourm    .   (no shield)
rNeg     . . .     Faith    .   b - +0 leather armour
rPois    .         Spirit   .   c - +1 helmet
rElec    .         Reflect  .   (no cloak)
rCorr    .         Harm     .   (no gloves)
MR       .....                  e - +1 pair of boots
Stlth    +.........             k - amulet of rage
HPRegen  0.12/turn              h - +3 ring of intelligence
MPRegen  0.09/turn              (no ring)

@: lethally poisoned (-1 -> -24)
A: change form in water, swift swim, stealthy swim
a: Renounce Religion, Evoke Berserk Rage


You were on level 3 of the Dungeon.
You worshipped Okawaru.
Okawaru was noncommittal.
You were not hungry.

You visited 1 branch of the dungeon, and saw 3 of its levels.

You collected 145 gold pieces.

Inventory:

Hand Weapons
 a - a +1 trident (weapon)
Missiles
 d - 3 throwing nets (quivered)
Armour
 b - a +0 leather armour (worn)
 c - a +1 helmet (worn)
 e - a +1 pair of boots (worn)
Jewellery
 h - a +3 ring of intelligence (left hand)
 i - an uncursed ring of fire
 k - an amulet of rage (around neck)
Wands
 g - a wand of clouds (4)
Scrolls
 j - a scroll of remove curse
Comestibles
 f - 7 rations
 l - 2 chunks of flesh


   Skills:
 - Level 2.1 Fighting
 + Level 8.5 Polearms
 - Level 2.0 Throwing
 - Level 4.0 Dodging


You had 4 spell levels left.
You didn't know any spells.
Your spell library was empty.

Dungeon Overview and Level Annotations

Branches:
Dungeon (3/15)

Altars:
Okawaru


Message History

You feel sick.
The scorpion stings you but does no damage.
Okay, then.
Unknown command.
You closely miss the scorpion.
The scorpion is heavily wounded.
* * * LOW HITPOINT WARNING * * *
You feel sick. The scorpion closely misses you.
You hit the scorpion.
The scorpion is severely wounded.
* * * LOW HITPOINT WARNING * * *
You feel sick. The scorpion barely misses you.
You closely miss the scorpion.
The scorpion is severely wounded.
* * * LOW HITPOINT WARNING * * *
You feel sick. The scorpion stings you.
* * * LOW HITPOINT WARNING * * *
You closely miss the scorpion.
The scorpion is severely wounded.
You die...

##...##
##...)..###. ##.##
#####..# ## #.#
#..#### #.###
#....>. #.#..
##'##### #(#.#
##...## #.#.#
##.....## #.#s###
##.<.....##
#.@...#.#.........#
#.......'....)....+
##....#.#.........#
##.....##.......##
...).###.....##
....## ##...##
.#.## ##'## .###
#.# #.#


You could see a scorpion.

Vanquished Creatures
  Ijyb (D:3)
  2 orc wizards (D:3)
  2 adders
  2 oozes
  A worm (D:2)
  A dart slug (D:1)
  2 leopard geckos
  2 orcs (D:3)
  5 bats
  A giant cockroach (D:1)
  4 hobgoblins
  6 kobolds
  3 frilled lizards
  6 goblins
  10 rats
48 creatures vanquished.

Notes
Turn   | Place    | Note
-------+----------+-------------------------------------------
     0 | D:1      | Curus the Merfolk Gladiator began the quest for the Orb.
     0 | D:1      | Reached XP level 1. HP: 16/16 MP: 1/1
    75 | D:1      | Reached skill level 5 in Polearms
    93 | D:1      | Reached XP level 2. HP: 22/22 MP: 2/2
   293 | D:1      | Reached skill level 6 in Polearms
   293 | D:1      | Reached XP level 3. HP: 21/27 MP: 3/3
  1385 | D:2      | HP: 1/27 [hobgoblin/+0 flail (8)]
  1685 | D:2      | Reached XP level 4. HP: 31/33 MP: 4/4
  1729 | D:2      | Found an iron altar of Okawaru.
  1734 | D:2      | Became a worshipper of Warmaster Okawaru
  1969 | D:3      | Reached skill level 7 in Polearms
  1991 | D:3      | Reached skill level 8 in Polearms
  1991 | D:3      | Reached XP level 5. HP: 32/38 MP: 5/5
  2023 | D:3      | Noticed Ijyb
  2038 | D:3      | Killed Ijyb
  2430 | D:3      | HP: 1/38 [scorpion (6)]
  2431 | D:3      | Succumbed to a scorpion's poison

Levels and vault maps discovered:
D:1:      lightli_arrival_isolated_outpost, layout_loops_ring
D:2:      layout_loops_corners, lemuel_crystal_altar, serial_forest,
          infiniplex_forest_lined_4_way, infiniplex_forest_clump_curved,
          infiniplex_forest_lined_3, infiniplex_forest_lined_room_3,
          infiniplex_forest_corner_2, infiniplex_forest_clump_double,
          infiniplex_forest_clump_large, first_ration
D:3:      layout_loops_corners, lemuel_coloured_pillars_altar, uniq_ijyb

Skill      XL: |  1  2  3  4 |
---------------+-------------+-----
Polearms       | 5 6 8 |  8.5
Fighting       | |  2.1
Throwing       | |  2.0
Dodging        | |  4.0

Action                   |  1- 3 |  4- 6 || total
-------------------------+-------+-------++-------
Melee: Trident           |   115 |    58 ||   173
Throw: Throwing net      |     1 |       ||     1
  Use: Potion            |     4 |     1 ||     5
       Scroll            |     5 |     1 ||     6
 Stab: Sleeping          |     2 |       ||     2
  Eat: Chunk             |     2 |     3 ||     5
Armor: Leather armour    |    19 |     9 ||    28
Dodge: Dodged            |    49 |    27 ||    76
